 Dungeon Crawl Stone Soup version 0.31-a0-214-gb37851dbb3 (webtiles) character file.

Game seed: 8122105776180120587

12497 qw the Cleaver (level 11, -2/72 HPs)
             Began as a Gargoyle Fighter on July 1, 2023.
             Was a High Priest of Okawaru.
             Slain by a yak (10 damage)
             ... led by a torpor snail
             ... on level 2 of the Lair of Beasts.
             The game lasted 00:04:22 (9126 turns).

qw the Cleaver (Gargoyle Fighter)                   Turns: 9126, Time: 00:04:22

Health: -2/72      AC: 29    Str: 24    XL:     11   Next: 94%
Magic:  15/16      EV: 11    Int:  9    God:    Okawaru [*****.]
Gold:   910        SH:  6    Dex:  9    Spells: 10/10 levels left

rFire   + . .        Y - +4 war axe (chaos)
rCold   . . .        c - +0 buckler
rNeg    + + .        o - +0 chain mail
rPois   inf          n - +0 helmet
rElec   +            (no cloak)
rCorr   .            g - +1 pair of gloves
SInv    .            p - +1 pair of boots
Will    .....        (no amulet) Stlth
                     q - ring of positive energy
HPRegen 0.32/turn    (no ring)
MPRegen 0.15/turn

%: no passive effects
@: heroic, slowed, very slow
A: sickness immunity, AC +8, negative energy resistance 1, electricity
resistance, torment resistance 1, petrification resistance, iridescent scales 1,
fire resistance 1
a: Renounce Religion, Heroism, Finesse, Duel


You were on level 2 of the Lair of Beasts.
You worshipped Okawaru.
Okawaru was extremely pleased with you.
You visited 3 branches of the dungeon, and saw 11 of its levels.

You collected 910 gold pieces.


Innate Abilities, Weirdness & Mutations

You are immune to sickness and miasma.
Your stone body is resilient. (AC +8)
You are immune to poison.
You resist negative energy. (rN+)
You are resistant to electric shocks. (rElec)
You are resistant to unholy torment.
You are immune to petrification.
You are partially covered in iridescent scales. (AC +2)
Your flesh is heat resistant. (rF+)


   Skills:
 + Level 9.7(14.7) Fighting
 - Level 12.0(17.0) Axes
 - Level 1.1(6.1) Throwing
 - Level 7.3(12.3) Armour
 - Level 3.4(8.4) Dodging
 - Level 6.0(11.0) Shields
 + Level 6.7 Invocations


You had 10 spell levels left.
You didn't know any spells.
Your spell library was empty.

Inventory:

Hand Weapons
 b - a +3 morningstar
 Y - a +4 war axe of chaos (weapon)
Missiles
 l - 6 boomerangs (quivered)
Armour
 c - a +0 buckler (worn)
 g - a +1 pair of gloves (worn)
 n - a +0 helmet (worn)
 o - a +0 chain mail (worn)
 p - a +1 pair of boots (worn)
Jewellery
 m - a ring of protection from cold
 q - a ring of positive energy (left hand)
 t - a +4 ring of slaying {mikee}
Wands
 r - a wand of digging (5)
Scrolls
 e - a scroll of identify
 u - a scroll of noise {unknown}
Potions
 a - 2 potions of enlightenment
 d - 3 potions of might
 h - 2 potions of curing
 i - a potion of attraction
 j - 3 potions of heal wounds
 k - a potion of resistance
 s - 2 potions of mutation

Dungeon Overview and Level Annotations

Branches:
Dungeon (8/15)             Temple (1/1) D:5            Lair (1/5) D:8

Altars:
Ashenzari
Cheibriados
Dithmenos
Elyvilon
Fedhas
Gozag
Hepliaklqana
Kikubaaqudgha
Makhleb
Nemelex Xobeh
Okawaru
Ru
Sif Muna
Trog
Uskayaw
Vehumet
Wu Jian
Xom
Yredelemnul
Zin
The Shining One

Shops:
D:1 =   D:3 =

Annotations:
D:3 1 runed translucent door, Crazy Yiuf


Message History

The yak gores you but does no damage. The cane toad stings you.
The yak gores you but does no damage. The cane toad closely misses you.
The killer bee stings you but does no damage.
The killer bee closely misses you. You block the yak's attack.
You completely miss the killer bee.
The killer bee is almost dead.
You hit the cane toad. You hit the yak but do no damage.
You hit the cane toad but do no damage.
The cane toad is poisoned.
You hit the yak but do no damage.
The yak is poisoned.
You barely miss the killer bee.
The cane toad is no longer moving slowly.
The killer bee stings you but does no damage. x2
The yak gores you but does no damage. The yak closely misses you.
The cane toad barely misses you. x2; The killer bee barely misses you.
The killer bee stings you but does no damage.
You hit the killer bee.
The killer bee is moving more slowly.
The killer bee is almost dead.
You barely miss the yak. You slash the cane toad! You hit the yak.
You burn the yak. You hit the killer bee. You slash the cane toad!
Lightning courses through the cane toad!
You kill the cane toad!
Okawaru accepts your kill.
You can now enter into single combat with a foe.
Okawaru will now gift you equipment as you gain piety.
The killer bee stings you but does no damage.
The killer bee stings you. The yak barely misses you. The yak gores you!
The killer bee closely misses you.
The cane toad stings you but does no damage.
You block the killer bee's attack. The yak barely misses you.
9126 ||| DRINKING 4 potions of heal wounds.
You feel much better.
The cane toad is no longer moving slowly.
You block the killer bee's attack. x2; The killer bee stings you.
The killer bee stings you but does no damage.
The yak gores you! The yak gores you but does no damage.
The cane toad stings you.
The killer bee stings you but does no damage.
The yak gores you! The killer bee barely misses you.
You block the yak's attack. The yak gores you!
You die...

##........P....
#..............
#.P............
##........#....
#..............
##.............
#...#.%.......#
#.Fy..%.......P
##@y.#%###.....


#YYY.#y ... #.y..#y . ..w..#! ###.[.#y #?..#. ....## ..... You could see a
torpor snail, 3 yaks, a cane toad (very poisoned, drained) and 3 killer bees.

Vanquished Creatures
  A centaur warrior (D:7)
  Erica (D:8)
  Pikel (D:7)
  A manticore (D:7)
  2 cyclopes (D:7)
  A black mamba (Lair:1)
  5 cane toads
  A komodo dragon (D:7)
  A queen bee (Lair:2)
  2 trolls (D:7)
  5 blink frogs (Lair:2)
  A slime creature (D:7)
  Sigmund (D:2)
  A wyvern (D:7)
  8 yaks
  3 steam dragons
  2 water moccasins
  An orc warrior (D:4)
  3 sky beasts (D:7)
  6 black bears
  2 ogres
  A centaur (D:7)
  3 lemures (D:7)
  A phantom (D:5)
  2 kobold brigands
  5 scorpions
  3 bullfrogs
  8 wights
  3 gnoll sergeants (D:7)
  11 killer bees (Lair:2)
  3 howler monkeys (D:7)
  6 hounds
  7 jellies
  3 orc priests
  2 sleepcaps
  7 iguanas
  5 orc wizards
  8 gnolls
  10 adders
  2 shadow imps
  A white imp (D:5)
  2 ufetubi
  A worm (D:4)
  4 dart slugs
  23 orcs
  4 ball pythons
  6 endoplasms
  A giant cockroach (D:1)
  7 goblins
  4 hobgoblins
  2 jackals (D:4)
  4 quokkas
  6 bats
  7 frilled lizards
  11 kobolds
  4 rats
  A spectral kobold (D:7)
227 creatures vanquished.

Vanquished Creatures (others)
  An ufetubus (D:5)
1 creature vanquished.

Grand Total: 228 creatures vanquished

Notes
Turn   | Place    | Note
-------+----------+-------------------------------------------
     0 | D:1      | qw the Gargoyle Fighter began the quest for the Orb.
     0 | D:1      | Reached XP level 1. HP: 14/14 MP: 1/1
     0 | D:1      | 0 ||| qw: Version: 0.3-a-32-g5962c71
     0 | D:1      | 0 ||| qw: Game counter: 7672
     0 | D:1      | 0 ||| qw: Melee chars always use a shield: true
     0 | D:1      | 0 ||| qw: God list: Okawaru
     0 | D:1      | 0 ||| qw: Allow faded altars: false
     0 | D:1      | 0 ||| qw: Do Orc after clearing Dungeon:15 true
     0 | D:1      | 0 ||| qw: Do second Lair branch before Depths: true
     0 | D:1      | 0 ||| qw: Lair rune preference: random
     0 | D:1      | 0 ||| qw: Goals: Normal, Zot:1-4, Slime:5, God:TSO, Crypt,
                  | Tomb, Abyss, Pan, Hells, Win
     0 | D:1      | 0 ||| PLANNING D:1-11
    44 | D:1      | 44 ||| Stepping ~*~*~tactically~*~*~ (stealth).
    56 | D:1      | Reached skill level 2 in Axes
    56 | D:1      | 56 ||| Stepping ~*~*~tactically~*~*~ (stealth).
   168 | D:1      | Reached XP level 2. HP: 19/19 MP: 2/2
   250 | D:1      | Found Xosm's Jewellery Emporium.
   264 | D:1      | 264 ||| SHOPLISTING +4 ring of slaying (858 gold, have 62).
   264 | D:1      | 264 ||| SHOPLISTING +5 ring of evasion (396 gold, have 62).
   264 | D:1      | 264 ||| SHOPLISTING +6 ring of dexterity (396 gold, have
                  | 62).
   264 | D:1      | 264 ||| SHOPLISTING amulet of faith (440 gold, have 62).
   264 | D:1      | 264 ||| SHOPLISTING ring of positive energy (220 gold, have
                  | 62).
   264 | D:1      | 264 ||| SHOPLISTING ring of protection from cold (275 gold,
                  | have 62).
   376 | D:1      | You fall into a shaft and drop 1 floor!
   416 | D:2      | 416 ||| UPGRADING to +1 pair of gloves.
   421 | D:2      | 421 ||| DROPPING orb of guile.
   429 | D:2      | 429 ||| STAIRDANCE
   606 | D:1      | Reached skill level 3 in Axes
   669 | D:1      | Found a faded altar of an unknown god.
   714 | D:1      | Reached XP level 3. HP: 23/23 MP: 3/3
   795 | D:1      | 795 ||| DRINKING 2 green potions.
  1044 | D:2      | 1044 ||| Stepping ~*~*~tactically~*~*~ (stealth).
  1087 | D:2      | 1087 ||| Stepping ~*~*~tactically~*~*~ (stealth).
  1090 | D:2      | 1090 ||| Stepping ~*~*~tactically~*~*~ (stealth).
  1091 | D:2      | 1091 ||| Stepping ~*~*~tactically~*~*~ (stealth).
  1093 | D:2      | 1093 ||| Stepping ~*~*~tactically~*~*~ (stealth).
  1094 | D:2      | 1094 ||| Stepping ~*~*~tactically~*~*~ (stealth).
  1096 | D:2      | 1096 ||| Stepping ~*~*~tactically~*~*~ (stealth).
  1107 | D:2      | 1107 ||| Stepping ~*~*~tactically~*~*~ (stealth).
  1108 | D:2      | 1108 ||| Stepping ~*~*~tactically~*~*~ (stealth).
  1321 | D:2      | Reached XP level 4. HP: 28/28 MP: 4/4
  1429 | D:2      | Noticed Sigmund
  1438 | D:2      | HP: 7/28 [something (6)]
  1439 | D:2      | HP: 3/28 [something/magic dart (4)]
  1447 | D:2      | HP: 4/28 [something (1)]
  1455 | D:2      | Killed Sigmund
  1456 | D:2      | Reached skill level 5 in Axes
  1456 | D:2      | Reached XP level 5. HP: 7/32 MP: 5/5
  1485 | D:2      | 1485 ||| Stepping ~*~*~tactically~*~*~ (stealth).
  1789 | D:2      | 1789 ||| UPGRADING to +0 pair of boots.
  1794 | D:2      | 1794 ||| READING scroll labelled QEFO MOBRAARASE.
  1794 | D:2      | Identified a scroll of acquirement
  1794 | D:2      | 1794 ||| ACQUIRING +0 war axe of electrocution
  1794 | D:2      | Acquired a +0 war axe of electrocution
  1796 | D:2      | 1796 ||| SWAPPING to +0 war axe of electrocution.
  1797 | D:2      | 1797 ||| DROPPING +0 war axe.
  1798 | D:2      | 1798 ||| READING scroll labelled YRCHOL EQEMELOPN.
  1799 | D:2      | 1799 ||| READING scroll labelled DEUTZI UPEXKA.
  2275 | D:3      | Reached XP level 6. HP: 37/37 MP: 6/6
  2359 | D:3      | 2359 ||| Stepping ~*~*~tactically~*~*~ (hiding).
  2360 | D:3      | 2360 ||| Stepping ~*~*~tactically~*~*~ (hiding).
  2396 | D:3      | 2396 ||| DROPPING +0 club.
  2436 | D:3      | Found Qaysann's Jewellery Emporium.
  2440 | D:3      | 2440 ||| SHOPLISTING +6 ring of strength (468 gold, have
                  | 132).
  2440 | D:3      | 2440 ||| SHOPLISTING amulet of faith (520 gold, have 132).
  2440 | D:3      | 2440 ||| SHOPLISTING ring of ice (325 gold, have 132).
  2440 | D:3      | 2440 ||| SHOPLISTING ring of protection from fire (325
                  | gold, have 132).
  2482 | D:3      | Found a runed translucent door.
  2483 | D:3      | Noticed Crazy Yiuf
  2843 | D:3      | 2843 ||| DRINKING 3 fizzy pink potions.
  2844 | D:3      | 2844 ||| DRINKING 2 viscous emerald potions.
  2867 | D:4      | Noticed an orc warrior
  2873 | D:4      | Killed an orc warrior
  2874 | D:4      | Reached skill level 1 in Dodging
  2884 | D:4      | 2884 ||| DROPPING +0 whip.
  2948 | D:4      | Reached skill level 6 in Axes
  2948 | D:4      | Reached XP level 7. HP: 42/43 MP: 7/7
  3135 | D:4      | Found a basalt altar of Yredelemnul.
  3194 | D:4      | 3194 ||| Stepping ~*~*~tactically~*~*~ (stealth).
  3249 | D:4      | 3249 ||| Stepping ~*~*~tactically~*~*~ (hiding).
  3251 | D:4      | 3251 ||| Stepping ~*~*~tactically~*~*~ (hiding).
  3490 | D:4      | 3490 ||| UPGRADING to +0 chain mail.
  3500 | D:4      | 3500 ||| DROPPING +0 scale mail.
  3501 | D:4      | 3501 ||| UPGRADING to +1 pair of boots.
  3511 | D:4      | 3511 ||| DROPPING +0 pair of boots.
  3512 | D:4      | 3512 ||| DRINKING 2 golden potions.
  3526 | D:5      | Entered Level 5 of the Dungeon
  3538 | D:5      | 3538 ||| Stepping ~*~*~tactically~*~*~ (stealth).
  3589 | D:5      | Reached skill level 7 in Axes
  3589 | D:5      | 3589 ||| FLEEEEING.
  3591 | D:5      | 3591 ||| FLEEEEING.
  3592 | D:5      | 3592 ||| FLEEEEING.
  3593 | D:5      | 3593 ||| FLEEEEING.
  3594 | D:5      | 3594 ||| FLEEEEING.
  3595 | D:5      | 3595 ||| FLEEEEING.
  3597 | D:5      | 3597 ||| FLEEEEING.
  3598 | D:5      | 3598 ||| FLEEEEING.
  3599 | D:5      | 3599 ||| FLEEEEING.
  3600 | D:5      | 3600 ||| FLEEEEING.
  3601 | D:5      | 3601 ||| FLEEEEING.
  3602 | D:5      | 3602 ||| FLEEEEING.
  3603 | D:5      | 3603 ||| FLEEEEING.
  3604 | D:5      | 3604 ||| FLEEEEING.
  3605 | D:5      | 3605 ||| FLEEEEING.
  3606 | D:5      | 3606 ||| FLEEEEING.
  3607 | D:5      | 3607 ||| FLEEEEING.
  3608 | D:5      | 3608 ||| FLEEEEING.
  3609 | D:5      | 3609 ||| STAIRDANCE
  3694 | D:5      | 3694 ||| STAIRDANCE
  3696 | D:4      | 3696 ||| DRINKING 3 potions of curing.
  3696 | D:4      | 3696 ||| (to cure confusion)
  3777 | D:4      | 3777 ||| DROPPING +0 mace.
  3823 | D:5      | Found a staircase to the Ecumenical Temple.
  3824 | D:5      | 3824 ||| PLANNING TEMPLE
  3824 | D:5      | 3824 ||| FLEEEEING.
  3825 | D:5      | 3825 ||| FLEEEEING.
  3827 | D:5      | 3827 ||| FLEEEEING.
  3829 | D:5      | 3829 ||| FLEEEEING.
  3830 | D:5      | 3830 ||| FLEEEEING.
  3831 | D:5      | 3831 ||| FLEEEEING.
  3836 | D:5      | 3836 ||| FLEEEEING.
  3837 | D:5      | 3837 ||| FLEEEEING.
  3838 | D:5      | 3838 ||| FLEEEEING.
  3839 | D:5      | 3839 ||| FLEEEEING.
  3840 | D:5      | 3840 ||| FLEEEEING.
  3841 | D:5      | 3841 ||| FLEEEEING.
  3842 | D:5      | 3842 ||| FLEEEEING.
  3843 | D:5      | 3843 ||| FLEEEEING.
  3844 | D:5      | 3844 ||| FLEEEEING.
  3845 | D:5      | 3845 ||| FLEEEEING.
  3846 | D:5      | 3846 ||| FLEEEEING.
  3847 | D:5      | 3847 ||| FLEEEEING.
  3853 | D:5      | 3853 ||| FLEEEEING.
  3854 | D:5      | 3854 ||| STAIRDANCE
  3856 | D:4      | 3856 ||| READING scroll labelled YDEOLEITIA.
  3859 | D:5      | 3859 ||| STAIRDANCE
  3863 | D:5      | 3863 ||| STAIRDANCE
  3895 | D:5      | 3895 ||| FLEEEEING.
  3911 | D:5      | Reached XP level 8. HP: 43/49 MP: 8/8
  3911 | D:5      | 3911 ||| FLEEEEING.
  3912 | D:5      | 3912 ||| FLEEEEING.
  3958 | D:5      | 3958 ||| FLEEEEING.
  3962 | D:5      | 3962 ||| FLEEEEING.
  3963 | D:5      | 3963 ||| FLEEEEING.
  3964 | D:5      | 3964 ||| FLEEEEING.
  3965 | D:5      | 3965 ||| FLEEEEING.
  3969 | D:5      | 3969 ||| FLEEEEING.
  3970 | D:5      | 3970 ||| FLEEEEING.
  3971 | D:5      | 3971 ||| FLEEEEING.
  3972 | D:5      | 3972 ||| FLEEEEING.
  3973 | D:5      | 3973 ||| FLEEEEING.
  3974 | D:5      | 3974 ||| FLEEEEING.
  3975 | D:5      | 3975 ||| FLEEEEING.
  3976 | D:5      | 3976 ||| FLEEEEING.
  3977 | D:5      | 3977 ||| FLEEEEING.
  3978 | D:5      | 3978 ||| FLEEEEING.
  3979 | D:5      | 3979 ||| FLEEEEING.
  3980 | D:5      | 3980 ||| FLEEEEING.
  3981 | D:5      | 3981 ||| FLEEEEING.
  3985 | D:5      | 3985 ||| FLEEEEING.
  3986 | D:5      | 3986 ||| FLEEEEING.
  3987 | D:5      | 3987 ||| FLEEEEING.
  3988 | D:5      | 3988 ||| STAIRDANCE
  3992 | D:5      | 3992 ||| STAIRDANCE
  3996 | D:5      | 3996 ||| STAIRDANCE
  4037 | Temple   | Entered the Ecumenical Temple
  4201 | Temple   | 4201 ||| PLANNING D:1-11
  4374 | D:5      | 4374 ||| Stepping ~*~*~tactically~*~*~ (stealth).
  4499 | D:5      | Reached skill level 8 in Axes
  4617 | D:5      | HP: 8/51 [black bear (8)]
  4618 | D:5      | 4618 ||| DRINKING 2 potions of heal wounds.
  4620 | D:5      | Reached skill level 6 in Fighting
  4639 | D:5      | 4639 ||| Stepping ~*~*~tactically~*~*~ (stealth).
  5421 | D:5      | 5421 ||| READING 4 scrolls labelled UDEHIE DAMOB.
  5422 | D:5      | 5422 ||| READING 2 scrolls of identify.
  5422 | D:5      | 5422 ||| IDENTIFYING murky brown potion
  5423 | D:5      | 5423 ||| DROPPING potion of degeneration.
  5424 | D:5      | 5424 ||| DROPPING 3 scrolls of poison.
  5514 | D:6      | Reached XP level 9. HP: 51/56 MP: 9/9
  5532 | D:6      | 5532 ||| DROPPING +0 flail.
  5540 | D:6      | Reached skill level 9 in Axes
  5643 | D:6      | 5643 ||| DROPPING +0 morningstar.
  5907 | D:6      | 5907 ||| Stepping ~*~*~tactically~*~*~ (stealth).
  5909 | D:6      | 5909 ||| Stepping ~*~*~tactically~*~*~ (hiding).
  5962 | D:6      | 5962 ||| Stepping ~*~*~tactically~*~*~ (hiding).
  6464 | D:6      | Found an iron altar of Okawaru.
  6465 | D:6      | 6465 ||| PLANNING OKAWARU WORSHIP
  6468 | D:6      | 6468 ||| UPGRADING to +0 helmet.
  6477 | D:6      | 6477 ||| DROPPING ring of flight.
  6478 | D:6      | 6478 ||| READING 2 scrolls labelled SUBOEFRUWA.
  6482 | D:6      | 6482 ||| DRINKING 2 smoky coppery potions.
  6482 | D:6      | Gained mutation: You are partially covered in iridescent
                  | scales. (AC +2) [potion of mutation]
  6482 | D:6      | Gained mutation: Your flesh is heat resistant. (rF+)
                  | [potion of mutation]
  6483 | D:6      | 6483 ||| READING 3 scrolls of identify.
  6483 | D:6      | 6483 ||| IDENTIFYING viscous sapphire potion
  6484 | D:6      | 6484 ||| READING 2 scrolls of identify.
  6484 | D:6      | 6484 ||| IDENTIFYING orange potion
  6485 | D:6      | 6485 ||| DROPPING potion of brilliance.
  6486 | D:6      | 6486 ||| DROPPING potion of berserk rage.
  6522 | D:6      | Found a bloodstained altar of Trog.
  6530 | D:6      | Became a worshipper of Warmaster Okawaru
  6531 | D:6      | 6531 ||| PLANNING D:1-11
  6536 | D:6      | 6536 ||| READING 2 scrolls of identify.
  6536 | D:6      | 6536 ||| IDENTIFYING coppery potion
  6537 | D:6      | 6537 ||| DROPPING potion of ambrosia.
  6848 | D:7      | Reached skill level 10 in Axes
  7096 | D:7      | Noticed Pikel
  7097 | D:7      | 7097 ||| Stepping ~*~*~tactically~*~*~ (hiding).
  7111 | D:7      | Killed Pikel
  7111 | D:7      | Reached * piety under Okawaru
  7112 | D:7      | Reached XP level 10. HP: 63/63 MP: 10/10
  7123 | D:7      | Found a hazy altar of Hepliaklqana.
  7327 | D:7      | 7327 ||| INVOKING Heroism.
  7520 | D:7      | 7520 ||| READING scroll labelled PIB WOECWIATIT.
  7549 | D:8      | 7549 ||| Stepping ~*~*~tactically~*~*~ (hiding).
  7552 | D:8      | 7552 ||| Stepping ~*~*~tactically~*~*~ (hiding).
  7554 | D:8      | 7554 ||| Stepping ~*~*~tactically~*~*~ (hiding).
  7620 | D:8      | 7620 ||| Stepping ~*~*~tactically~*~*~ (stealth).
  7622 | D:8      | 7622 ||| Stepping ~*~*~tactically~*~*~ (hiding).
  7624 | D:8      | 7624 ||| Stepping ~*~*~tactically~*~*~ (hiding).
  7655 | D:8      | 7655 ||| Stepping ~*~*~tactically~*~*~ (stealth).
  7656 | D:8      | 7656 ||| Stepping ~*~*~tactically~*~*~ (stealth).
  7657 | D:8      | 7657 ||| Stepping ~*~*~tactically~*~*~ (stealth).
  7668 | D:8      | 7668 ||| DRINKING 3 potions of curing.
  7668 | D:8      | 7668 ||| (to cure confusion)
  7675 | D:8      | Reached skill level 1 in Invocations
  7679 | D:8      | Found a flagged portal.
  7748 | D:8      | Found a broken altar of Ashenzari.
  7748 | D:8      | Found a staircase to the Lair.
  7753 | D:8      | 7753 ||| Stepping ~*~*~tactically~*~*~ (hiding).
  7755 | D:8      | 7755 ||| INVOKING Heroism.
  7763 | D:8      | Reached skill level 1 in Throwing
  7770 | D:8      | 7770 ||| FLEEEEING.
  7771 | D:8      | 7771 ||| FLEEEEING.
  7773 | D:8      | 7773 ||| Stepping ~*~*~tactically~*~*~ (hiding).
  7788 | D:8      | 7788 ||| INVOKING Heroism.
  7861 | D:8      | 7861 ||| SWAPPING to +4 war axe.
  7862 | D:8      | 7862 ||| DROPPING +0 war axe of electrocution.
  7942 | D:8      | 7942 ||| Stepping ~*~*~tactically~*~*~ (stealth).
  7955 | D:8      | Reached skill level 3 in Invocations
  8036 | D:8      | Noticed Erica
  8037 | D:8      | 8037 ||| INVOKING Heroism.
  8045 | D:8      | Killed Erica
  8045 | D:8      | Reached ** piety under Okawaru
  8095 | D:8      | 8095 ||| UPGRADING to ring of positive energy.
  8096 | D:8      | 8096 ||| READING scroll labelled JOUHOFUKKI.
  8097 | D:8      | 8097 ||| READING scroll labelled FECIWOM DUAM.
  8129 | D:7      | 8129 ||| Stepping ~*~*~tactically~*~*~ (stealth).
  8131 | D:7      | 8131 ||| Stepping ~*~*~tactically~*~*~ (stealth).
  8182 | D:7      | 8182 ||| Stepping ~*~*~tactically~*~*~ (stealth).
  8200 | D:7      | 8200 ||| INVOKING Heroism.
  8326 | D:7      | Noticed a cyclops
  8327 | D:7      | 8327 ||| Stepping ~*~*~tactically~*~*~ (stealth).
  8329 | D:7      | 8329 ||| Stepping ~*~*~tactically~*~*~ (stealth).
  8337 | D:7      | Noticed a cyclops
  8338 | D:7      | 8338 ||| Stepping ~*~*~tactically~*~*~ (hiding).
  8340 | D:7      | 8340 ||| Stepping ~*~*~tactically~*~*~ (hiding).
  8343 | D:7      | 8343 ||| Stepping ~*~*~tactically~*~*~ (hiding).
  8346 | D:7      | 8346 ||| INVOKING Heroism.
  8356 | D:7      | Killed a cyclops
  8368 | D:7      | 8368 ||| Stepping ~*~*~tactically~*~*~ (hiding).
  8375 | D:7      | Noticed a centaur warrior
  8376 | D:7      | 8376 ||| INVOKING Heroism.
  8382 | D:7      | Killed a cyclops
  8383 | D:7      | Reached skill level 11 in Axes
  8383 | D:7      | Reached XP level 11. HP: 67/69 MP: 11/14
  8387 | D:7      | Killed a centaur warrior
  8387 | D:7      | Reached *** piety under Okawaru
  8388 | D:7      | Reached skill level 3 in Dodging
  8431 | D:7      | 8431 ||| INVOKING Heroism.
  8432 | D:7      | Noticed a manticore
  8438 | D:7      | Reached skill level 9 in Fighting
  8446 | D:7      | Killed a manticore
  8596 | D:7      | 8596 ||| PLANNING LAIR
  8666 | Lair:1   | Entered Level 1 of the Lair of Beasts
  8678 | Lair:1   | Reached **** piety under Okawaru
  8680 | Lair:1   | 8680 ||| INVOKING Heroism.
  8809 | Lair:1   | 8809 ||| INVOKING Heroism.
  8894 | Lair:1   | 8894 ||| INVOKING Heroism.
  8967 | Lair:1   | 8967 ||| INVOKING Heroism.
  9016 | Lair:1   | 9016 ||| INVOKING Heroism.
  9018 | Lair:1   | Reached skill level 12 in Axes
  9051 | Lair:1   | 9051 ||| INVOKING Heroism.
  9088 | Lair:1   | You fall into a shaft and drop 1 floor!
  9089 | Lair:2   | 9089 ||| INVOKING Heroism.
  9101 | Lair:2   | Reached skill level 6 in Shields
  9105 | Lair:2   | Reached skill level 6 in Invocations
  9109 | Lair:2   | HP: 11/71 [yak[a torpor snail] (12)]
  9110 | Lair:2   | 9110 ||| READING scroll of teleportation.
  9111 | Lair:2   | 9111 ||| DRINKING 5 potions of heal wounds.
  9125 | Lair:2   | Reached ***** piety under Okawaru
  9125 | Lair:2   | HP: 16/71 [killer bee (6)]
  9125 | Lair:2   | HP: 5/71 [yak[a torpor snail] (11)]
  9126 | Lair:2   | 9126 ||| DRINKING 4 potions of heal wounds.
  9126 | Lair:2   | Slain by a yak

Levels and vault maps discovered:
D:1:      erik_arrival_triangle_small, layout_loops_cross,
          dreamdust_ecumenical_altar_grove, serial_shops, shop
D:2:      layout_basic, uniq_sigmund
D:3:      layout_basic, serial_shops, nicolae_shop_back_alley_shop,
          uniq_crazy_yiuf_cottage
D:4:      layout_basic, marbit_many_paths
D:5:      cheibrodos_barr_body, layout_loops_ring,
          minmay_temple_entry_overgrown, serial_aquarium,
          aquarium_bridge_long_joined [aquarium_subvault_window,
          aquarium_subvault_balcony, aquarium_subvault_window,
          aquarium_subvault_bridge, aquarium_subvault_wall,
          aquarium_subvault_wall], aquarium_bridge_square
          [aquarium_subvault_window, aquarium_subvault_wall,
          aquarium_subvault_bridge, aquarium_subvault_bridge],
          aquarium_window_corridor_2, aquarium_window_fake,
          aquarium_window_fake, aquarium_view_2d
D:6:      layout_loops_ring, grunt_temple_overflow_bloody_war,
          lexackson_kobold_supper
D:7:      minmay_klotski, layout_basic, nicolae_hepliaklqana_monster_ancestors,
          serial_corexii_hall, corexii_hall_statues_x, corexii_hall_statues_x,
          chequers_hall_statues_wall_a, minivault_11, uniq_pikel
D:8:      layout_basic, nicolae_ashenzari_panopticon, lair_entry_dummy,
          enter_bailey_5, minmay_misc_feat_secret_circle, uniq_erica
Temple:   nicolae_temple_slightly_damp_pantheon
Lair:1:   layout_regular_city, beast_lair_carwin_11, infiniplex_staircase_pool
Lair:2:   layout_cave_shapes, special_room [special_room_bee],
          serial_bayou_shore_a

Skill      XL: |  1  2  3  4  5  6  7  8  9 10 11 |
---------------+----------------------------------+-----
Axes           | 2 3 5 6 7 8 10 11 12 | 12.0
Fighting       | 4 5 6 7 8 9 |  9.7
Dodging        | 1 3 |  3.4
Armour         | 4 7 |  7.3
Shields        | 4 5 6 |  6.0
Invocations    | 4 6 |  6.7
Throwing       | 1 |  1.1

Action                     |  1- 3 |  4- 6 |  7- 9 | 10-12 || total
---------------------------+-------+-------+-------+-------++-------
  Melee: War axe           |   103 |    76 |   335 |   252 ||   766
  Throw: Boomerang         |       |       |       |    38 ||    38
 Invoke: Heroism           |       |       |       |    15 ||    15
    Use: Potion            |     1 |     2 |     4 |     3 ||    10
         Scroll            |       |     3 |     7 |     4 ||    14
   Stab: Paralysed         |       |       |       |     2 ||     2
 Armour: Scale mail        |    63 |    42 |    12 |       ||   117
         Chain mail        |       |       |   262 |   163 ||   425
  Dodge: Dodged            |    58 |    37 |   146 |   112 ||   353
  Block: Buckler           |    19 |    14 |    65 |    60 ||   158

Table legend:
 A = Non-vault XP
 B = Vault XP
 C = Vault XP percentage of total XP
 D = Non-vault monster count
 E = Vault monster count
 F = Vault count percentage of total count
                 A         B        C        D         E       F
            +---------+---------+-------+---------+---------+-------
      Total |    9862 |    7992 |  44.8 |     159 |      65 |  29.0
            +---------+---------+-------+---------+---------+-------
        D:1 |      32 |       0 |   0.0 |      20 |       0 |   0.0
        D:2 |      57 |     214 |  79.0 |      13 |       1 |   7.1
        D:3 |      74 |       0 |   0.0 |       8 |       0 |   0.0
        D:4 |     482 |       2 |   0.4 |      21 |       1 |   4.5
        D:5 |     794 |     662 |  45.5 |      22 |      13 |  37.1
        D:6 |     767 |     108 |  12.3 |      15 |       9 |  37.5
        D:7 |    1632 |    4773 |  74.5 |      25 |      21 |  45.7
        D:8 |    1435 |     843 |  37.0 |      20 |       5 |  20.0
     Lair:1 |    2264 |     415 |  15.5 |       7 |       3 |  30.0
     Lair:2 |    2325 |     975 |  29.5 |       8 |      12 |  60.0
            +---------+---------+-------+---------+---------+-------
